 Dungeon Crawl Stone Soup version 0.29.1-15-g9cfb28693d (webtiles) character file.

Game seed: 11739233635135889219

454 Cheops the Slasher (level 6, -2/44 HPs)
             Began as a Demonspawn Gladiator on Apr 5, 2023.
             Slain by an orc
             ... wielding a +0 falchion
              (4 damage)
             ... on level 5 of the Dungeon.
             The game lasted 00:08:20 (5278 turns).

Cheops the Slasher (Demonspawn Gladiator)           Turns: 5278, Time: 00:08:21

Health: -2/44      AC:  8    Str: 16    XL:     6   Next: 76%
Magic:  6/6        EV: 11    Int: 10    God:
Gold:   299        SH:  0    Dex: 14    Spells: 5/5 levels left

rFire   + . .      SeeInvis .   a - +0 long sword
rCold   . . .      Faith    .   (no shield)
rNeg    . . .      Spirit   .   q - +0 ring mail
rPois   +          Reflect  .   (helmet restricted)
rElec   .          Harm     .   (no cloak)
rCorr   .          Rampage  .   p - +0 pair of gloves
Will    .....                   (no boots)
Stlth   +.........              (no amulet)
HPRegen 0.14/turn               m - ring of protection from fire
MPRegen 0.10/turn               r - ring of poison resistance

@: no status effects
A: antennae 1, thin metallic scales 1, icemail 1, condensation shield
a: no special abilities


You were on level 5 of the Dungeon.
You visited 1 branch of the dungeon, and saw 5 of its levels.

You collected 299 gold pieces.

Inventory:

Hand Weapons
 a - a +0 long sword (weapon)
 b - a +2 short sword of venom
 c - a +1 vampiric dagger
Missiles
 d - 3 throwing nets (quivered)
 e - a javelin
Armour
 j - a +0 helmet
 p - a +0 pair of gloves (worn)
 q - a +0 ring mail (worn)
 y - the +0 robe of Feesmam {Fly Int+2 Archmagi}
   (You found it on level 4 of the Dungeon)

   Int:       It affects your intelligence (+2).
   Fly:       It grants you flight.
   Archmagi:  It increases the power of your magical spells.
Jewellery
 m - a ring of protection from fire (left hand)
 r - a ring of poison resistance (right hand)
Wands
 x - a wand of flame (23)
Scrolls
 k - a scroll of teleportation {unknown}
 l - a scroll of blinking {unknown}
 o - a scroll of summoning {unknown}
Potions
 f - 3 potions of attraction
 g - a potion of brilliance
 h - a potion of magic
 n - 2 potions of haste


   Skills:
 - Level 2.0 Fighting
 + Level 7.1 Long Blades
 - Level 1.7 Throwing
 - Level 2.6 Dodging


You had 5 spell levels left.
You didn't know any spells.
Your spell library contained the following spells:

 Spells                   Type           Power      Damage    Failure   Level
 Dazzling Flash           Conj/Hex       0%         N/A       91%         3
 Iskenderun's Mystic Bla  Conj/Tloc      0%         2d3       100%        4
 Petrify                  Tmut/Erth      0%         N/A       100%        4
 Metabolic Englaciation   Hex/Ice        0%         N/A       100%        5
 Starburst                Conj/Fire      0%         6d3       100%        6
 Statue Form              Tmut/Erth      0%         N/A       100%        6


Dungeon Overview and Level Annotations

Branches:
Dungeon (5/15)
 Temple: D:4-7

Altars:
Uskayaw

Portals:
Ossuary: D:5


Innate Abilities, Weirdness & Mutations

You have a pair of small antennae on your head.
You are partially covered in thin metallic scales. (AC +2)
A meltable icy envelope protects you from harm. (AC +0)
A meltable shield of frost defends you. (SH +0)


Message History

The orc barely misses you. The orc hits you with a +0 whip.
The orc priest hits you but does no damage.
You hear some strange, mumbled words.
A magic dart appears from out of thin air!
The magic dart hits you!
* * * LOW HITPOINT WARNING * * *
The human zombie closely misses you. Something hits you but does no damage.
The orc hits you with a +0 falchion.
* * * LOW HITPOINT WARNING * * *
The orc priest closely misses you. The orc hits you but does no damage.
You miss the orc priest.
You feel less confused. The orc hits you but does no damage. x2
The orc priest mumbles some strange prayers to Beogh against you.
Beogh smites you!
* * * LOW HITPOINT WARNING * * *
You hear some strange, mumbled words.
A puff of flame appears from out of thin air!
The puff of flame hits you but does no damage.
Your icy defenses dissipate!
The human zombie hits you.
* * * LOW HITPOINT WARNING * * *
You barely miss the orc. The orc hits you but does no damage.
The orc barely misses you.
You hear some strange, mumbled words.
A puff of flame appears from out of thin air!
The puff of flame hits you. You resist.
* * * LOW HITPOINT WARNING * * *
The orc priest barely misses you. The human zombie closely misses you.
As you read the scroll labelled WUL YNAXOTTA, it crumbles to dust.
It is a scroll of amnesia.
You feel forgetful for a moment. The orc hits you but does no damage.
The orc misses you. The orc priest hits you with a +0 mace.
* * * LOW HITPOINT WARNING * * *
Something hits you but does no damage. The human zombie barely misses you.
As you read the scroll labelled XEHOLEY LEXZOPN, it crumbles to dust.
You hear the tinkle of a tiny bell.
It was a scroll of butterflies.
The orc priest miscasts a cantrip.
The orc hits you with a +0 falchion.
You die...

....##. .... ..8..).
.... ......∩ ...
8.#..$. ..
.......##.#
...........#
.......bbo#
..........boZ####.##
#.........b{@ob.....
..........bo##b.#.##
..........bb# ....
##...........######$#
................# #
.........<...##.....
..............# ###.
..............#
............#...#


You could see 2 orc priests, 2 orcs and a human zombie.

Vanquished Creatures
  A black bear (D:4)
  A necrophage (D:5)
  A scorpion (D:4)
  A hound (D:4)
  A jelly (D:4)
  2 iguanas
  Robin (D:2)
  2 adders
  2 ufetubi
  2 worms (D:2)
  2 dart slugs
  3 endoplasms
  11 goblins
  7 hobgoblins
  6 jackals
  5 quokkas
  12 ball pythons
  9 bats
  6 frilled lizards
  8 kobolds
  5 rats
88 creatures vanquished.

Notes
Turn   | Place    | Note
-------+----------+-------------------------------------------
     0 | D:1      | Cheops the Demonspawn Gladiator began the quest for the
                  | Orb.
     0 | D:1      | Reached XP level 1. HP: 16/16 MP: 1/1
    88 | D:1      | Reached skill level 3 in Long Blades
   180 | D:1      | Gained mutation: You have a pair of small antennae on your
                  | head. [demonic ancestry]
   180 | D:1      | Reached XP level 2. HP: 21/22 MP: 2/2
  1608 | D:2      | Noticed Robin
  1616 | D:2      | Gained mutation: A meltable shield of frost defends you.
                  | (SH +0) [demonic ancestry]
  1616 | D:2      | Reached XP level 3. HP: 17/27 MP: 3/3
  1624 | D:2      | Killed Robin
  1625 | D:2      | Reached skill level 4 in Long Blades
  2340 | D:2      | Reached XP level 4. HP: 33/33 MP: 4/4
  3574 | D:4      | Noticed a black bear
  3595 | D:4      | Killed a black bear
  3596 | D:4      | Reached skill level 5 in Long Blades
  3596 | D:4      | Gained mutation: You are partially covered in thin metallic
                  | scales. (AC +2) [demonic ancestry]
  3596 | D:4      | Reached XP level 5. HP: 14/38 MP: 5/5
  3842 | D:4      | Reached skill level 6 in Long Blades
  3869 | D:4      | Found a hide-covered altar of Uskayaw.
  3902 | D:4      | Identified the +0 robe of Feesmam {Fly Int+2 Archmagi}
  4084 | D:4      | Gained mutation: A meltable icy envelope protects you from
                  | harm. (AC +0) [demonic ancestry]
  4084 | D:4      | Reached XP level 6. HP: 44/44 MP: 6/6
  4619 | D:5      | Entered Level 5 of the Dungeon
  5147 | D:5      | Reached skill level 7 in Long Blades
  5245 | D:5      | Found a sand-covered staircase.
  5277 | D:5      | HP: 2/44 [orc priest/+0 mace (5)]
  5278 | D:5      | Slain by an orc

Illustrated notes

Levels and vault maps discovered:
D:1:      onia_arrival_mini_maze, layout_basic
D:2:      layout_loops_ring, nicolae_elevator_lobby_plus, uniq_robin
D:3:      layout_basic
D:4:      layout_gridville, mainiacjoe_overflow_chevrons, lemuel_round_altar
D:5:      layout_rooms, enter_ossuary_3, serial_shops, nicolae_stop_n_shop_1

Skill      XL: |  1  2  3  4  5  6 |
---------------+-------------------+-----
Long Blades    | 3 4 5 6 7 |  7.1
Fighting       | |  2.0
Throwing       | |  1.7
Dodging        | |  2.6

Action                   |  1- 3 |  4- 6 || total
-------------------------+-------+-------++-------
Melee: Long sword        |    78 |    32 ||   110
       Short sword       |    82 |   118 ||   200
       Punch             |     2 |     2 ||     4
       Dagger            |       |    16 ||    16
  Use: Scroll            |       |    10 ||    10
       Potion            |       |     1 ||     1
Armor: Leather armour    |    62 |       ||    62
       Ring mail         |       |    80 ||    80
Dodge: Dodged            |   148 |    99 ||   247
Block: Other             |    10 |    24 ||    34
